 Dungeon Crawl Stone Soup version 0.31-a0-198-g2ad674f65e (webtiles) character file.

Game seed: 3494473514822685402

95 qw the Shooter (level 4, -3/25 HPs)
             Began as a Deep Elf Hunter on June 25, 2023.
             Killed from afar by Natasha (10 damage)
             ... with a puff of flame
             ... on level 1 of the Dungeon.
             The game lasted 00:00:30 (1522 turns).

qw the Shooter (Deep Elf Hunter)                    Turns: 1522, Time: 00:00:31

Health: -3/25      AC:  3    Str: 10    XL:     4   Next: 39%
Magic:  6/6        EV: 12    Int: 14    God:
Gold:   70         SH:  0    Dex: 18    Spells: 3/3 levels left

rFire   . . .        Y - +0 shortbow
rCold   . . .        (shield currently unavailable)
rNeg    . . .        c - +0 leather armour
rPois   .            (no helmet)
rElec   .            (no cloak)
rCorr   .            (no gloves)
SInv    .            (no boots)
Will    .....        (no amulet)
Stlth   ++           (no ring)
HPRegen 0.24/turn    (no ring)
MPRegen 0.10/turn

%: no passive effects
@: no status effects
A: no striking features
a: no special abilities


You were on level 1 of the Dungeon.
You visited 1 branch of the dungeon, and saw 2 of its levels.

You collected 70 gold pieces.


   Skills:
 - Level 1.5 Fighting
 + Level 7.8 Ranged Weapons
 - Level 2.4 Dodging
 - Level 1.2 Stealth


You had 3 spell levels left.
You didn't know any spells.
Your spell library was empty.

Inventory:

Hand Weapons
 Y - a +0 shortbow (weapon)
Armour
 c - a +0 leather armour (worn)

Dungeon Overview and Level Annotations

Branches:
Dungeon (2/15)

Altars:
Xom

Annotations:
D:1 Natasha


Message History

(D) Dungeon
Where to? (* - list waypoints, Enter - D:2, ? - help)
What level of the Dungeon? (default 1, ? - help)
You climb downwards.
Level annotation: Natasha
There is a stone staircase leading up here.
Natasha is nearby!
You shoot an arrow. The arrow hits Natasha!
Natasha is heavily wounded.
Natasha drinks a potion.
Natasha is healed!
You shoot an arrow. The arrow hits Natasha.
Natasha is lightly wounded.
Natasha stares at you and mumbles some strange words.
The magic dart hits you.
1501 ||| STAIRDANCE You climb upwards.
There is a stone staircase leading down here.
You start resting.
HP restored.
Done exploring.
(D) Dungeon
Where to? (* - list waypoints, Enter - D:2, ? - help)
What level of the Dungeon? (default 1, ? - help)
You climb downwards.
Level annotation: Natasha Natasha casts a spell at you.
The magic dart hits you.
There is a stone staircase leading up here.
1518 ||| STAIRDANCE Natasha barely misses you.
You climb upwards.
There is a stone staircase leading down here.
You shoot an arrow. The arrow closely misses Natasha.
Natasha claws you.
You shoot an arrow. The arrow closely misses Natasha.
Natasha claws you!
You shoot an arrow. The arrow hits Natasha.
Natasha is heavily wounded.
Natasha zaps a wand.
The puff of flame hits you!
You die...

#################
#######.#######.#
#######.........#
#######.#######.####
#########.............
#.......########.####.
#.#####.########.# #.
#.#####.########.# #.
######.##.@..########.# #.
######..^.......h..........# ##.
##......####....##..#####..####..
#..#.##..........................
#.............#...P~~~~~~~~P...P~
#.###)#.#.###.#...~~~~~~~~~~...~~
...#.)###.........~~~~~~~~~~...~~
..###.#.#..##.....P~~~~~~~~.....~
..........######.............<...


You could see Natasha.

Vanquished Creatures
  Natasha (D:2)
  3 gnolls
  An adder (D:2)
  A dart slug (D:1)
  A ball python (D:1)
  3 bats
  3 endoplasms (D:1)
  A giant cockroach (D:1)
  6 goblins
  2 hobgoblins
  2 jackals (D:1)
  4 kobolds
  4 rats (D:1)
32 creatures vanquished.

Notes
Turn   | Place    | Note
-------+----------+-------------------------------------------
     0 | D:1      | qw the Deep Elf Hunter began the quest for the Orb.
     0 | D:1      | Reached XP level 1. HP: 12/12 MP: 3/3
     0 | D:1      | 0 ||| qw: Version: 0.3-a-22-g0ed2b0b
     0 | D:1      | 0 ||| qw: Game counter: 5124
     0 | D:1      | 0 ||| qw: Melee chars always use a shield: true
     0 | D:1      | 0 ||| qw: God list: Okawaru
     0 | D:1      | 0 ||| qw: Allow faded altars: false
     0 | D:1      | 0 ||| qw: Do Orc after clearing Dungeon:15 true
     0 | D:1      | 0 ||| qw: Do second Lair branch before Depths: true
     0 | D:1      | 0 ||| qw: Lair rune preference: random
     0 | D:1      | 0 ||| qw: Goals: Normal
     0 | D:1      | 0 ||| PLANNING D:1-11
   105 | D:1      | HP: 3/12 [goblin/+0 club (1)]
   105 | D:1      | HP: 1/12 [goblin/+0 dagger (2)]
   235 | D:1      | Reached skill level 6 in Ranged Weapons
   235 | D:1      | Reached XP level 2. HP: 16/16 MP: 4/4
   682 | D:1      | Reached XP level 3. HP: 20/20 MP: 5/5
   851 | D:1      | 851 ||| READING scroll labelled YVVESE IGIYTS.
   852 | D:1      | 852 ||| READING scroll labelled LEKUN WILO.
   853 | D:1      | 853 ||| READING scroll labelled REARHIDAXA.
   854 | D:1      | 854 ||| READING scroll labelled DAPTUA ARGHIO.
   858 | D:1      | 858 ||| DROPPING scroll of butterflies.
   881 | D:2      | 881 ||| STAIRDANCE
   932 | D:2      | 932 ||| STAIRDANCE
   935 | D:1      | HP: 4/20 [gnoll/+0 club (5)]
   938 | D:1      | Reached skill level 7 in Ranged Weapons
  1006 | D:2      | 1006 ||| STAIRDANCE
  1097 | D:2      | Reached XP level 4. HP: 25/25 MP: 6/6
  1145 | D:2      | Found a shimmering altar of Xom.
  1228 | D:2      | Noticed Natasha
  1230 | D:2      | 1230 ||| FLEEEEING.
  1231 | D:2      | 1231 ||| FLEEEEING.
  1232 | D:2      | 1232 ||| FLEEEEING.
  1233 | D:2      | 1233 ||| FLEEEEING.
  1234 | D:2      | 1234 ||| FLEEEEING.
  1235 | D:2      | 1235 ||| FLEEEEING.
  1236 | D:2      | 1236 ||| FLEEEEING.
  1237 | D:2      | 1237 ||| FLEEEEING.
  1238 | D:2      | 1238 ||| FLEEEEING.
  1239 | D:2      | 1239 ||| STAIRDANCE
  1297 | D:2      | 1297 ||| STAIRDANCE
  1405 | D:2      | Killed Natasha
  1411 | D:2      | Noticed Natasha
  1413 | D:2      | 1413 ||| FLEEEEING.
  1414 | D:2      | 1414 ||| FLEEEEING.
  1415 | D:2      | 1415 ||| FLEEEEING.
  1416 | D:2      | 1416 ||| FLEEEEING.
  1416 | D:2      | HP: 5/25 [Natasha/magic dart (9)]
  1417 | D:2      | 1417 ||| FLEEEEING.
  1418 | D:2      | 1418 ||| FLEEEEING.
  1419 | D:2      | 1419 ||| FLEEEEING.
  1420 | D:2      | 1420 ||| FLEEEEING.
  1425 | D:2      | 1425 ||| FLEEEEING.
  1426 | D:2      | 1426 ||| STAIRDANCE
  1501 | D:2      | 1501 ||| STAIRDANCE
  1518 | D:2      | 1518 ||| STAIRDANCE
  1522 | D:1      | Killed from afar by Natasha

Levels and vault maps discovered:
D:1:      giann_bridges, layout_basic, minmay_heptomino_h4
D:2:      layout_loops_ring, basic_altar, uniq_natasha

Skill      XL: |  1  2  3 |
---------------+----------+-----
Ranged Weapons | 6 7 |  7.8
Fighting       | |  1.5
Dodging        | |  2.4
Stealth        | |  1.2

Action                     |  1- 3 |  4- 6 || total
---------------------------+-------+-------++-------
   Fire: Shortbow          |    72 |    20 ||    92
    Use: Scroll            |     4 |       ||     4
 Armour: Leather armour    |     4 |     2 ||     6
  Dodge: Dodged            |    18 |     1 ||    19

Table legend:
 A = Non-vault XP
 B = Vault XP
 C = Vault XP percentage of total XP
 D = Non-vault monster count
 E = Vault monster count
 F = Vault count percentage of total count
                 A         B        C        D         E       F
            +---------+---------+-------+---------+---------+-------
      Total |      94 |      42 |  30.9 |      27 |       5 |  15.6
            +---------+---------+-------+---------+---------+-------
        D:1 |      62 |       7 |  10.1 |      21 |       4 |  16.0
        D:2 |      32 |      35 |  52.2 |       6 |       1 |  14.3
            +---------+---------+-------+---------+---------+-------
